 Dungeon Crawl Stone Soup version 0.28.0 (webtiles) character file.

Game seed: 7762896704566982838

12537 GrayStillPlays the Party-goer (level 11, -2/133 HPs)
             Began as a Demonspawn Fighter on Feb 12, 2022.
             Was a Follower of Uskayaw.
             Slain by a cane toad (4 damage)
             ... while petrified by a basilisk
             ... on level 3 of the Lair of Beasts.
             The game lasted 00:29:25 (14816 turns).

GrayStillPlays the Party-goer (Demonspawn Fighter) Turns: 14816, Time: 00:29:25

Health: -2/133     AC: 25    Str: 16    XL:     11   Next: 63%
Magic:  18/18      EV:  2    Int: 17    God:    Uskayaw [*.....]
Gold:   627        SH:  0    Dex: 12    Spells: 20/20 levels left

rFire   + . .      SeeInvis .   J - +9 rapier of Etikidim {flame, rPois rF+ Int+4, short}
rCold   + . .      Faith    .   c - +0 buckler
rNeg    + + +      Spirit   .   (armour currently unavailable)
rPois   ∞          Reflect  +   (helmet currently unavailable)
rElec   +          Harm     .   (cloak currently unavailable)
rCorr   .          Rampage  .   (gloves currently unavailable)
Will    .....      NoTele   +   (boots currently unavailable)
Stlth   ..........              o - amulet of reflection
HPRegen 0.32/turn               r - ring of flight
MPRegen 0.16/turn               O - ring of Xom's Bemusement {rElec rC+ Dex-2 Slay+5 Stlth-}

@: agile, lethally poisoned (-2 -> -2), tree-form, petrified
A: stationary, stasis, torment immunity, boosted hp, powered by pain 2,
condensation shield, (demonic touch 1)
a: Renounce Religion, Stomp


You were on level 3 of the Lair of Beasts.
You worshipped Uskayaw.
Uskayaw was aware of your devotion.
You were a tree.
You visited 3 branches of the dungeon, and saw 13 of its levels.

You collected 627 gold pieces.


Innate Abilities, Weirdness & Mutations

You are a tree.
Your roots penetrate the ground, keeping you stationary.
You cannot be teleported.
You are immune to unholy pain and torment.
Your maximum health is greatly increased.
You are immune to poison.
Your equipment is partially melded.
You sometimes gain power by taking damage.
A meltable shield of frost defends you. (SH +4)
((Your touch may inflict minor irresistible damage on your foes.))


   Skills:
 + Level 9.4 Fighting
 - Level 2.6 Axes
 - Level 8.2 Armour
 + Level 5.9 Dodging
 - Level 5.9 Shields
 - Level 5.0 Spellcasting
 + Level 5.7 Conjurations
 + Level 9.9 Invocations


You had 20 spell levels left.
You didn't know any spells.
Your spell library contained the following spells:

 Spells                   Type           Power      Damage    Failure   Level
 Apportation              Tloc           8%         N/A       19%         1
 Corpse Rot               Necr/Air       8%         N/A       26%         2
 Poisonous Vapours        Pois/Air       8%         N/A       26%         2
 Summon Guardian Golem    Hex/Summ       4%         N/A       47%         3
 Animate Armour           Summ/Erth      8%         N/A       87%         4
 Alistair's Intoxication  Tmut/Pois      2%         N/A       99%         5
 Blade Hands              Tmut           2%         N/A       99%         5
 Summon Forest            Summ/Tloc      2%         N/A       99%         5
 Summon Mana Viper        Hex/Summ       4%         N/A       99%         5
 Iron Shot                Conj/Erth      7%         9d2       100%        6
 Summon Cactus Giant      Summ           2%         N/A       100%        6
 Orb of Destruction       Conj           11%        9d6       100%        7
 Spellforged Servitor     Conj/Summ      7%         N/A       100%        7

Inventory:

Hand Weapons
 a - a +0 war axe {axe}
 d - a +1 flail of protection {mace}
   (You took it off an orc on level 4 of the Dungeon)
 g - a +0 hunting sling of freezing {sling}
   (You found it on level 1 of the Dungeon)
 w - a +0 vampiric short sword {short}
   (You took it off an orc on level 4 of the Dungeon)
 x - a +5 trident of venom {polearm}
   (You found it on level 4 of the Dungeon)
 J - the +9 rapier of Etikidim (weapon) {flame, rPois rF+ Int+4, short}
   (You found it on level 7 of the Dungeon)

   It burns those it strikes, dealing additional fire damage.
   Int:       It affects your intelligence (+4).
   rF:        It protects you from fire.
   rPois:     It protects you from poison.
Missiles
 f - 25 bolts
 j - 3 silver javelins {throwing}
 k - 207 arrows
 m - 24 poisoned darts (quivered) {throwing}
 p - 258 stones {throwing}
 q - 99 sling bullets
 v - 3 datura-tipped darts {throwing}
 D - 2 throwing nets {=f!fthrowing}
 G - 4 boomerangs {throwing}
Armour
 b - a +0 scale mail
 c - a +0 buckler (worn)
 i - a +0 cloak (melded)
   (You found it on level 2 of the Dungeon)
 L - an orb of energy
   (You found it on level 7 of the Dungeon)
 M - +0 steam dragon scales (melded)
   (You found it on level 7 of the Dungeon)
Magical Staves
 A - a staff of fire {!astaff}
   (You found it on level 4 of the Dungeon)
Jewellery
 o - an amulet of reflection (around neck)
   (You found it on level 3 of the Dungeon)
 r - a ring of flight (left branch)
   (You found it on level 9 of the Dungeon)
 E - a ring of poison resistance
   (You found it on level 6 of the Dungeon)
 O - the ring of Xom's Bemusement (right branch) {rElec rC+ Dex-2 Slay+5 Stlth-}
   (You took it off a centaur on level 9 of the Dungeon)

   [ring of protection from cold]

   Dex:       It affects your dexterity (-2).
   Slay:      It affects your accuracy & damage with ranged weapons and melee
   (+5).
   rC:        It protects you from cold.
   rElec:     It insulates you from electricity.
   Stlth:     It makes you less stealthy.
Wands
 H - a wand of polymorph (14)
   (You found it on level 6 of the Dungeon)
 N - a wand of flame (11)
   (You found it on level 9 of the Dungeon)
Scrolls
 e - a scroll of immolation {unknown}
 h - 2 scrolls of vulnerability {!r!r}
 u - a scroll of blinking {!r}
 y - 2 scrolls of enchant armour {unknown}
 B - a scroll of fog {unknown}
 F - 2 scrolls of noise {unknown}
 I - 2 scrolls of magic mapping {unknown}
Potions
 l - a potion of cancellation {unknown}
 n - 2 potions of attraction {!q}
 s - a potion of flight {unknown}
 t - a potion of lignification {!q}
 z - a potion of magic {unknown}
 C - a potion of mutation {unknown}
 K - a potion of ambrosia {unknown}

Dungeon Overview and Level Annotations

Branches:
Dungeon (9/15)             Temple (1/1) D:6            Lair (3/6) D:9
  Swamp (0/4) Lair:3
  Snake: Lair:2-4    Spider: Lair:2-4       Orc: D:9-12

Altars:
Ashenzari
Cheibriados
Elyvilon
Fedhas
Kikubaaqudgha
Makhleb
Nemelex Xobeh
Qazlal
Ru
Sif Muna
Trog
Uskayaw
Vehumet
Wu Jian
Xom
Yredelemnul
Zin
The Shining One

Shops:
D:9 =

Annotations:
Lair:1 3 runed translucent doors, Vadun's ghost, journeyman VSBe
Lair:2 2 transporters

.... ...SD .. ...# ...
..l. #. ♣?.. #.# .P# .
... # #.##.# .##..#.#
#<..?# #..... # (
#..##..# #.#.##.#.# #+P.#
..# ###.......# .....
..####F.<......# .......
.#..♣l#.......#
..........+...#........#
#..........######.......#
+.......... ####..### #.#
<.# .# ..


You could see a cane toad and a basilisk.


Message History

r - a ring of flight (left hand)
There is a stone staircase leading down here.
You fly downwards.
There is a stone staircase leading up here.
No target in view!
An iguana comes into view.
Found a staircase to the Swamp.
The iguana moves out of view.
A water moccasin, an iguana and a six-headed hydra come into view.
The iguana hisses angrily.
There is a stone staircase leading up here.
The iguana barely misses you.
You fly upwards.
Level annotation: 2 transporters
There is a stone staircase leading down here.
You barely miss the iguana. The iguana misses you.
You puncture the iguana! You burn the iguana. You block the iguana's attack.
You barely miss the iguana. You block the iguana's attack.
You puncture the iguana! You burn the iguana.
You kill the iguana!
You see here a +0 plate armour.
There is a stone staircase leading down here.
Okay, then.
You fly downwards.
The basilisk hisses angrily.
Found an escape hatch in the ceiling.
There is a stone staircase leading up here.
A cane toad comes into view.
The cane toad moves out of view.
There is a stone staircase leading up here.
You block the basilisk's attack.
You closely miss the basilisk. The basilisk gazes at you.
You resist with some effort.
You barely miss the basilisk. The basilisk bites you!
The basilisk barely misses you. 😕 HP[-9]
You take 9 damage, and now have 80/89 hp.
You hit the basilisk. You burn the basilisk.
The basilisk bites you but does no damage.
The cane toad stings you. 😕 HP[-1]
You take 1 damage, and now have 79/89 hp.
You miss the basilisk. You block the cane toad's attack.
You block the basilisk's attack.
You puncture the basilisk! You burn the basilisk.
You block the cane toad's attack.
The basilisk hisses menacingly.
The basilisk gazes at you. You resist with some effort.
You block the cane toad's attack. You block the basilisk's attack.
The basilisk bites you! 😮 HP[-14]
You take 14 damage, and now have 65/89 hp.
You closely miss the cane toad. You block the cane toad's attack.
You block the basilisk's attack. You block the cane toad's attack.
The basilisk bites you!
You focus on the pain.
You feel agile all of a sudden. 😮 HP[-15]
You take 15 damage, and now have 50/89 hp.
You puncture the basilisk! You burn the basilisk. The cane toad stings you!!
* * * LOW HITPOINT WARNING * * *
You are poisoned.
The cane toad poisons you! You block the basilisk's attack.
You can now pass through a line of other dancers. 😨 HP[-21]
You take 21 damage, and now have 29/89 hp.
MASSIVE DAMAGE!! (PAUSE)
You barely miss the basilisk.
* * * LOW HITPOINT WARNING * * *
You feel extremely sick. You block the cane toad's attack.
The basilisk completely misses you.
The cane toad closely misses you. 😨 HP[-6]
You take 6 damage, and now have 23/89 hp.
You barely miss the basilisk.
* * * LOW HITPOINT WARNING * * *
You feel very sick. The basilisk gazes at you.
You are slowing down.
The cane toad stings you!!
* * * LOW HITPOINT WARNING * * *
😱 HP[-19]
You take 19 damage, and now have 4/89 hp.
MASSIVE DAMAGE!! (PAUSE) Really quaff the potion of lignification?
You turn into a tree.
Your +0 cloak melds into your body.
Your +0 steam dragon scales melds into your body.
Your roots penetrate the ground.
* * * LOW HITPOINT WARNING * * *
You feel very sick.
The cane toad stings you but does no damage.
The basilisk gazes at you.
Your limbs have turned to stone.
You block the cane toad's attack. You block the basilisk's attack.
You have turned to stone.
The cane toad stings you.
* * * LOW HITPOINT WARNING * * *
The basilisk bites you but does no damage.
You can no longer pass through a line of other dancers.
The cane toad stings you!
You die...

Skill      XL: |  1  2  3  4  5  6  7  8  9 10 11 |
---------------+----------------------------------+-----
Axes           | 2 |  2.6
Armour         | 3 4 5 6 7 8 |  8.2
Shields        | 3 4 5 |  5.9
Spellcasting   | 1 2 3 4 5 |  5.0
Fighting       | 4 5 6 7 8 9 |  9.4
Invocations    | 1 4 6 8 9 |  9.9
Dodging        | 3 4 5 |  5.9
Conjurations   | 1 4 5 |  5.7

Action                   |  1- 3 |  4- 6 |  7- 9 | 10-12 || total
-------------------------+-------+-------+-------+-------++-------
Melee: War axe           |   119 |    81 |       |       ||   200
       Trident           |       |    88 |   252 |   334 ||   674
       Rapier            |       |       |    62 |    48 ||   110
Throw: Dart              |       |       |     8 |     4 ||    12
Invok: Line Pass         |       |       |     1 |     1 ||     2
  Use: Potion            |       |     1 |     1 |     5 ||     7
       Scroll            |       |       |       |    12 ||    12
 Stab: Paralysed         |       |       |     4 |    23 ||    27
       Sleeping          |       |       |       |     1 ||     1
Armor: Scale mail        |    57 |    50 |    59 |       ||   166
       Steam dragon scal |       |       |    11 |    63 ||    74
       Skin              |       |       |       |     3 ||     3
Dodge: Dodged            |    31 |    39 |    84 |   151 ||   305
Block: Buckler           |    68 |   130 |   222 |   303 ||   723
       Reflection        |       |       |     5 |     8 ||    13

Levels and vault maps discovered:
D:1:      dpeg_arrival_boxorama, layout_basic
D:2:      layout_basic, basic_altar
D:3:      layout_basic
D:4:      layout_loops_ring, mainiacjoe_overflow_small_starburst
D:5:      layout_basic, serial_bayou_lagoon_a, st_stairs_7
D:6:      layout_basic, minmay_temple_entry_waves, hangedman_decor_growths,
          uniq_pikel
D:7:      layout_layer_cave, lightli_temple_of_fire, uniq_duvessa,
          uniq_prince_ribbit1
D:8:      layout_basic, hangedman_abyss_or_decor_stabs,
          chequers_serial_rivers_micro_c
D:9:      layout_big_octagon, lair_entry_dummy, serial_shops,
          nicolae_shop_statue_plus
Temple:   eino_temple_scatter_basement
Lair:1:   layout_roguey, maelrawn_ghost_gauntlet_escape, grunt_megastairs_2
Lair:2:   gammafunk_boulding_lane, layout_cave_pods, lemuel_fruit_tree
Lair:3:   layout_roguey, minmay_swamp_entry_reptiles,
          nicolae_spider_entry_orb_guardian, grunt_megastairs_1

Notes
Turn   | Place    | Note
-------+----------+-------------------------------------------
     0 | D:1      | GrayStillPlays the Demonspawn Fighter began the quest for
                  | the Orb.
     0 | D:1      | Reached XP level 1. HP: 18/18 MP: 1/1
     0 | D:1      | magus.rc [v1.9.6]
   233 | D:1      | Gained mutation: You sometimes gain a little power by
                  | taking damage. [demonic ancestry]
   233 | D:1      | Reached XP level 2. HP: 24/24 MP: 2/2
   235 | D:1      | Reached skill level 2 in Axes
   845 | D:2      | Gained mutation: A meltable shield of frost defends you.
                  | (SH +4) [demonic ancestry]
   845 | D:2      | Reached XP level 3. HP: 28/29 MP: 4/4
   872 | D:2      | Reached skill level 3 in Armour
   872 | D:2      | Reached skill level 3 in Shields
   884 | D:2      | You fall into a shaft and drop 2 floors!
  1083 | D:3      | You pick up a book of Vapours and begin reading...
  1083 | D:3      | You add the spells Poisonous Vapours and Corpse Rot to your
                  | library.
  1200 | D:3      | Reached skill level 1 in Spellcasting
  1639 | D:2      | Reached XP level 4. HP: 34/35 MP: 5/5
  1707 | D:2      | HP: 5/35 [gnoll (8)]
  2225 | D:2      | Found a basalt altar of Yredelemnul.
  2541 | D:4      | HP: 8/36 [orc (3)]
  2546 | D:4      | Reached XP level 5. HP: 5/42 MP: 7/7
  2548 | D:4      | HP: 5/42 [orc (1)]
  2931 | D:4      | Reached skill level 2 in Spellcasting
  2941 | D:4      | Found a shimmering blue altar of Sif Muna.
  2954 | D:4      | Reached skill level 4 in Fighting
  3416 | D:4      | Reached XP level 6. HP: 48/48 MP: 9/9
  3630 | D:5      | Entered Level 5 of the Dungeon
  3776 | D:5      | Reached skill level 4 in Armour
  3783 | D:5      | Reached skill level 4 in Shields
  4015 | D:5      | Reached skill level 3 in Spellcasting
  4015 | D:5      | Gained mutation: You sometimes gain power by taking damage.
                  | [demonic ancestry]
  4015 | D:5      | Reached XP level 7. HP: 20/55 MP: 11/11
  4353 | D:5      | Reached skill level 5 in Fighting
  4652 | D:6      | Found a staircase to the Ecumenical Temple.
  4662 | Temple   | Entered the Ecumenical Temple
  4850 | Temple   | Became a worshipper of Uskayaw the Reveller
  4906 | D:6      | Reached * piety under Uskayaw
  4910 | D:6      | Reached ** piety under Uskayaw
  4911 | D:6      | Reached skill level 1 in Invocations
  4911 | D:6      | Reached XP level 8. HP: 56/62 MP: 13/13
  4959 | D:6      | Reached skill level 5 in Armour
  5061 | D:6      | Reached skill level 5 in Shields
  5061 | D:6      | Reached skill level 4 in Spellcasting
  5113 | D:6      | Reached skill level 2 in Invocations
  5801 | D:6      | Reached skill level 3 in Invocations
  5820 | D:6      | Reached *** piety under Uskayaw
  5932 | D:6      | Noticed Pikel
  5950 | D:6      | Killed Pikel
  5951 | D:6      | Reached skill level 6 in Fighting
  5951 | D:6      | Reached skill level 4 in Invocations
  5951 | D:6      | Gained mutation: Your touch may inflict minor irresistible
                  | damage on your foes. [demonic ancestry]
  5951 | D:6      | Reached XP level 9. HP: 53/69 MP: 14/16
  6478 | D:7      | Reached skill level 5 in Spellcasting
  6803 | D:7      | Noticed Prince Ribbit
  6811 | D:7      | Reached skill level 6 in Armour
  6817 | D:7      | Killed Prince Ribbit
  6818 | D:7      | Reached skill level 1 in Dodging
  6818 | D:7      | Reached skill level 5 in Invocations
  7165 | D:7      | Identified the +9 rapier of Etikidim {flame, rPois rF+
                  | Int+4}
  7525 | D:7      | Reached skill level 7 in Fighting
  7525 | D:7      | Reached skill level 2 in Dodging
  7557 | D:7      | Noticed Dowan
  7599 | D:7      | Killed Dowan
  7670 | D:7      | Noticed Duvessa
  7682 | D:7      | Killed Duvessa
  7683 | D:7      | Reached skill level 6 in Invocations
  7779 | D:7      | You pick up a book of Party Tricks and begin reading...
  7779 | D:7      | You add the spells Apportation and Alistair's Intoxication
                  | to your library.
  7796 | D:7      | You pick up a book of the Wilderness and begin reading...
  7796 | D:7      | You add the spells Summon Forest, Summon Mana Viper and
                  | Summon Cactus Giant to your library.
  7804 | D:7      | You pick up a book of Dangerous Friends and begin
                  | reading...
  7804 | D:7      | You add the spells Summon Guardian Golem, Orb of
                  | Destruction and Spellforged Servitor to your library.
  7864 | D:7      | Found a burning altar of Makhleb.
  8170 | D:8      | Reached **** piety under Uskayaw
  8171 | D:8      | Reached skill level 1 in Conjurations
  8172 | D:8      | Reached ***** piety under Uskayaw
  8601 | D:8      | Noticed a two-headed ogre
  8642 | D:8      | HP: 15/72 [hornet (5)]
  8643 | D:8      | HP: 5/72 [hornet (5)]
  8655 | D:8      | Reached skill level 3 in Dodging
  8655 | D:8      | Reached XP level 10. HP: 18/79 MP: 17/17
  8656 | D:8      | Killed a two-headed ogre
  8657 | D:8      | Reached skill level 7 in Armour
  8657 | D:8      | Reached skill level 2 in Conjurations
  8657 | D:8      | Reached skill level 7 in Invocations
  8955 | D:8      | You pick up a book of Iron and begin reading...
  8955 | D:8      | You add the spells Animate Armour, Blade Hands and Iron
                  | Shot to your library.
  9302 | D:9      | Noticed a two-headed ogre
  9416 | D:8      | Killed a two-headed ogre
  9444 | D:9      | Found a staircase to the Lair.
  9584 | D:9      | Reached skill level 3 in Conjurations
  9599 | D:9      | Reached skill level 8 in Fighting
  9603 | D:9      | Reached skill level 4 in Dodging
  9624 | D:9      | Reached ****** piety under Uskayaw
  9630 | D:9      | HP: 11/80 [orc warrior (11)]
 10209 | D:9      | Reached skill level 8 in Invocations
 10287 | D:9      | Found Faoxzo's Jewellery Emporium.
 10353 | D:9      | Identified the ring of Xom's Bemusement {rElec rC+ Dex-2
                  | Slay+5 Stlth-}
 10448 | Lair:1   | Entered Level 1 of the Lair of Beasts
 10521 | Lair:1   | Reached skill level 4 in Conjurations
 10605 | Lair:1   | HP: 16/82 [komodo dragon (8)]
 10606 | Lair:1   | HP: 1/82 [komodo dragon (16)]
 10614 | Lair:1   | Noticed a black mamba
 10972 | Lair:1   | Killed a black mamba
 10973 | Lair:1   | Reached XP level 11. HP: 37/87 MP: 18/18
 11284 | Lair:1   | Reached skill level 8 in Armour
 11292 | Lair:1   | Reached skill level 5 in Dodging
 11658 | Lair:1   | Found a runed translucent gate.
 11741 | Lair:1   | Reached skill level 9 in Invocations
 12400 | Lair:1   | Noticed a minotaur
 12400 | Lair:1   | Noticed Vadun's ghost (journeyman VSBe)
 12445 | Lair:1   | Found a runed translucent gate.
 12447 | Lair:1   | Found a runed translucent gate.
 12628 | Lair:2   | Reached skill level 9 in Fighting
 12628 | Lair:2   | Reached skill level 5 in Conjurations
 12808 | Lair:2   | HP: 22/89 [poisoned by a cane toad]
 12813 | Lair:2   | HP: 18/89 [poisoned by a cane toad]
 13541 | Lair:2   | HP: 18/89 [blink frog (12)]
 13551 | Lair:2   | HP: 6/89 [blink frog (15)]
 14048 | Lair:2   | Found a transporter.
 14049 | Lair:2   | Found a transporter.
 14050 | Lair:2   | Noticed a boulder beetle
 14657 | Lair:3   | Found a staircase to the Swamp.
 14658 | Lair:3   | Noticed a six-headed hydra
 14813 | Lair:3   | HP: 18/89 [poisoned by a cane toad]
 14813 | Lair:3   | HP: 4/89 [cane toad (14)]
 14816 | Lair:3   | Slain by a cane toad

Vanquished Creatures
  2 two-headed ogres (D:8)
  Pikel (D:6)
  A black mamba (Lair:1)
  2 cane toads
  3 komodo dragons
  Prince Ribbit (D:7)
  A hornet (D:8)
  12 blink frogs
  A wyvern (D:9)
  4 yaks (Lair:1)
  A steam dragon (D:7)
  6 water moccasins
  Duvessa (D:7)
  3 orc warriors
  3 ice beasts
  2 sky beasts (D:7)
  A black bear (D:6)
  A necrophage (D:6)
  An ogre (D:5)
  10 wolves (Lair:2)
  3 centaurs
  A phantom (D:5)
  11 bullfrogs
  2 kobold brigands
  2 gnoll sergeants (D:9)
  6 scorpions
  2 water moccasin zombies
  A wyvern skeleton (D:5)
  Dowan (D:7)
  5 killer bees (D:8)
  4 wights (D:6)
  5 howler monkeys
  A centaur zombie (D:9)
  A jelly (D:6)
  4 orc priests
  5 hounds
  A bullfrog skeleton (D:5)
  3 iguanas
  7 orc wizards
  A killer bee zombie (D:6)
  2 howler monkey zombies
  13 gnolls
  5 adders
  2 ufetubi
  2 worms
  A dart slug (D:1)
  29 orcs
  4 endoplasms
  3 giant cockroaches (D:4)
  9 goblins
  4 hobgoblins
  3 jackals (D:1)
  14 kobolds
  3 quokkas
  4 ball pythons
  7 bats
  A frilled lizard (D:1)
  7 rats
236 creatures vanquished.

Vanquished Creatures (others)
  5 fungi (Lair:2)
  29 plants
34 creatures vanquished.

Grand Total: 270 creatures vanquished

Table legend:
 A = Non-vault XP
 B = Vault XP
 C = Vault XP percentage of total XP
 D = Non-vault monster count
 E = Vault monster count
 F = Vault count percentage of total count
                 A         B        C        D         E       F
            +---------+---------+-------+---------+---------+-------
      Total |   15895 |    2015 |  11.3 |     226 |      10 |   4.2
            +---------+---------+-------+---------+---------+-------
        D:1 |      38 |       0 |   0.0 |      22 |       0 |   0.0
        D:2 |     132 |       0 |   0.0 |      26 |       0 |   0.0
        D:3 |      12 |       0 |   0.0 |       6 |       0 |   0.0
        D:4 |     198 |       0 |   0.0 |      16 |       0 |   0.0
        D:5 |     819 |      13 |   1.6 |      15 |       1 |   6.2
        D:6 |    1216 |     641 |  34.5 |      26 |       1 |   3.7
        D:7 |    1172 |     492 |  29.6 |      22 |       3 |  12.0
        D:8 |    3140 |       0 |   0.0 |      27 |       0 |   0.0
        D:9 |    1225 |       0 |   0.0 |      27 |       0 |   0.0
     Lair:1 |    4485 |     830 |  15.6 |      20 |       4 |  16.7
     Lair:2 |    3458 |      39 |   1.1 |      19 |       1 |   5.0
            +---------+---------+-------+---------+---------+-------

Illustrated notes

Table legend:
 A = Kills in this place as a percentage of kills in entire the game.
 B = Kills by you in this place as a percentage of kills by you in the entire game.
 C = Kills by friends in this place as a percentage of kills by friends in the entire game.
 D = Other kills in this place as a percentage of other kills in the entire game.
 E = Experience gained in this place as a percentage of experience gained in the entire game.
 F = Experience gained in this place divided by the number of levels of this place that you have seen.
                   A       B       C       D       E      F
               +-------+-------+-------+-------+-------+----------------------
         Total | 100.0 | 100.0 |   N/A |   N/A | 100.0 | 1377.7
       Dungeon |  81.4 |  81.4 |   N/A |   N/A |  50.8 | 1010.9
          Lair |  18.6 |  18.6 |   N/A |   N/A |  49.2 | 2937.3
               +-------+-------+-------+-------+-------+----------------------

Table legend: (Time is in decaauts)
 A = Elapsed time spent in this place.
 B = Non-inter-level travel time spent in this place.
 C = Inter-level travel time spent in this place.
 D = Time resting spent in this place.
 E = Time spent auto-exploring this place.
 F = Levels seen in this place.
 G = Mean time per level.
                   A        B        C        D        E       F      G
               +--------+--------+--------+--------+--------+-----+--------+
         Total |  15104 |  14357 |    747 |   3580 |   8253 |  13 | 1161.8 |
       Dungeon |  10827 |  10345 |    482 |   1933 |   6517 |   9 | 1203.0 |
        Temple |    199 |    163 |     36 |      0 |    144 |   1 |  199.0 |
          Lair |   4077 |   3848 |    229 |   1647 |   1592 |   3 | 1359.0 |
               +--------+--------+--------+--------+--------+-----+--------+

Top non-repeatable levels by time:
  Lair:1: 2138 daAuts
     D:6: 1916 daAuts
  Lair:2: 1909 daAuts
     D:7: 1623 daAuts
     D:8: 1580 daAuts
     D:2: 1151 daAuts
     D:4: 1131 daAuts
     D:9: 1101 daAuts
     D:5: 882 daAuts
     D:1: 777 daAuts
     D:3: 662 daAuts
  Temple: 199 daAuts
  Lair:3: 29 daAuts
